[ AOE2 MATCH · #480628228 ]
Team RMVietnamese vs Vietnamese
[ REPLAY ANALYSIS · EXTRACTED FROM THE RECORDED GAME ]
Feudal
—
Castle
—
Imperial
—
| APM avg | 15.8 |
| APM peak | 7 |
| eAPM avg | 11.3 |
| Villagers / military | 0 / 0 |
Focus
⚔️ 0.0% · 🌾 100.0%
Feudal
—
Castle
—
Imperial
—
| APM avg | 65.6 |
| APM peak | 29 |
| eAPM avg | 22.6 |
| Villagers / military | 12 / 0 |
Focus
⚔️ 0.0% · 🌾 100.0%
Feudal
—
Castle
—
Imperial
—
| APM avg | 33.9 |
| APM peak | 15 |
| eAPM avg | 20.4 |
| Villagers / military | 0 / 0 |
Focus
⚔️ 100.0% · 🌾 0.0%
Feudal
—
Castle
—
Imperial
—
| APM avg | 63.4 |
| APM peak | 28 |
| eAPM avg | 27.2 |
| Villagers / military | 3 / 0 |
Focus
⚔️ 0.0% · 🌾 100.0%
Match map
Initial resources + every placement click. Lines = walls · curves = elevation contours. ◆ gold · ⬟ stone · ● berries · ✦ relic · ◌ wall gap
Your base
iMDeaD^'s base
Jayson's base
Plastic Crack's base
Smoothed initial terrain · ◌ = detected wall gap · hover for details
Inputs per minute
— csfanfan - - iMDeaD^
Build order — csfanfan
0 actions detected in the replay
Build order — iMDeaD^
5 actions detected in the replay
| 0:12 | Build | House |
| 0:13 | Build | House |
| 0:17 | Create | Villager (Male) ×4 |
| 0:17 | Create | Villager (Male) ×4 |
| 0:17 | Create | Villager (Male) ×4 |
Build order — Jayson
4 actions detected in the replay
| 0:09 | Build | Palisade Wall |
| 0:11 | Build | Palisade Wall |
| 0:13 | Build | Palisade Wall |
| 0:14 | Build | Palisade Wall |
Build order — Plastic Crack
6 actions detected in the replay
| 0:03 | Build | House |
| 0:04 | Build | House |
| 0:04 | Build | House |
| 0:06 | Create | Villager (Male) |
| 0:06 | Create | Villager (Male) |
| 0:06 | Create | Villager (Male) |
Match timeline
| 0:09 | Jayson · wall_segment Palisade Wall x6 |
| 0:11 | Jayson · wall_segment Palisade Wall x5 |
| 0:13 | Jayson · wall_segment Palisade Wall x5 |
| 0:14 | Jayson · wall_segment Palisade Wall x4 |
| 0:21 | csfanfan · resign |
[ AI ANALYSIS · 1 CREDIT ]
What really happened in this match?
Wolo.gg analyzes every decision: build order, eco, micro, common mistakes by bracket. Personalized analysis on WhatsApp or Discord in 30 seconds.
Civ guide
Vietnamese
Map guide
Cliffbound
Perfil
csfanfan